cohdb
Replays
Latest Replays
All Replays
Popular Replays
Top Player Replays
Match Explorer
How It Works
Community
CoH3 Stats
Reddit
Sign in to upload your games and track your stats! →
Sign in with Steam
Match 42551441
Unlisted
Match 42551441
Overview
Messages
Build Orders
End
Construct Infanterie Kompanie
Kettenkrad Recon Vehicle
Selects Mechanized Battlegroup
MG 42 Machine Gun Team
MG 42 Machine Gun Team
Grenadier Squad
Construct Panzergrenadier Kompanie
251 Medium Carrier
Selects Mobile Repair Stations
Panzergrenadier Squad
Pak 40 Anti-tank Gun Team
Panzergrenadier Officer Quarters
Selects Wespe Self-propelled Artillery
Wespe Self-propelled Artillery
Wespe Self-propelled Artillery
Grenadier Squad
MG 42 Bunker
Selects Raid Package
Construct Panzer Kompanie
MG 42 Bunker
Selects Zeroing Artillery Barrage
Selects StuG Assault Group
Stoßtruppen Squad
Zeroing Artillery Barrage
이공수
Arcade
chiamang3
CPU - VERY EASY
Sulq
한글
Camaneor
PÖRR8
0
0
Comments
sign in to comment!
No comments posted yet!